 Dungeon Crawl Stone Soup version 0.30-a0-534-gdc55766716 (webtiles) character file.

Game seed: 2375870600894123280

39 demibob the Poker (level 3, -3/29 HPs)
             Began as a Demonspawn Chaos Knight on Dec 24, 2022.
             Was a Plaything of Xom.
             Slain by an entropy weaver (shapeshifter) (9 damage)
             ... on level 2 of the Dungeon.
             The game lasted 00:01:43 (875 turns).

demibob the Poker (Demonspawn Chaos Knight)          Turns: 875, Time: 00:01:45

Health: -3/29      AC:  6    Str: 14    XL:     3   Next: 26%
Magic:  3/3        EV: 11    Int: 13    God:    Xom [..*...]
Gold:   73         SH:  0    Dex: 12    Spells: 2/2 levels left

rFire   . . .      SeeInvis .    a - +0 spear (chaos)
rCold   . . .      Faith    .    (no shield)
rNeg    . . .      Spirit   .    b - +2 leather armour
rPois   .          Reflect  .    j - +0 helmet
rElec   .          Harm     .    (no cloak)
rCorr   .          Rampage  .    (no gloves)
Will    +....      Clarity  +    (no boots)
Stlth   +                        m - amulet of regeneration
HPRegen 1.04/turn                W - ring of willpower
MPRegen 0.08/turn                (no ring)

@: no status effects
A: claws 1, powered by death 1, clarity
a: Renounce Religion


You were on level 2 of the Dungeon.
You worshipped Xom.
You were a toy of Xom.
You visited 1 branch of the dungeon, and saw 2 of its levels.

You collected 73 gold pieces.


Innate Abilities, Weirdness & Mutations

You have sharp fingernails.
You regenerate a little health from kills.
You possess an exceptional clarity of mind.


   Skills:
 - Level 3.0 Fighting
 + Level 4.0 Polearms
 - Level 1.7 Armour
 - Level 0.8 Dodging


You had 2 spell levels left.
You didn't know any spells.
Your spell library contained the following spells:

 Spells                   Type           Power      Damage    Failure   Level
 Cigotuvi's Dreadful Rot  Necr/Pois/Air  0%         N/A       50%         2
 Poisonous Vapours        Pois/Air       0%         N/A       50%         2
 Mephitic Cloud           Conj/Pois/Air  0%         N/A       75%         3

Inventory:

Hand Weapons
 a - a +0 spear of chaos (weapon)
Armour
 b - a +2 leather armour (worn)
 j - a +0 helmet (worn)
Jewellery
 m - an amulet of regeneration (around neck)
 C - a ring of ice
 W - a ring of willpower (left claw)
Scrolls
 e - 3 scrolls of teleportation {unknown}
 i - a scroll of brand weapon {unknown}
 k - a scroll of identify {unknown}
 l - a scroll of amnesia {unknown}
Potions
 d - a potion of mutation
 f - a potion of haste {unknown}
 g - 2 potions of heal wounds {unknown}
 h - a potion of berserk rage {unknown}
 n - a potion of degeneration {unknown}
Miscellaneous
 c - a piece from Xom's chessboard (15/15) (quivered)

Dungeon Overview and Level Annotations

Branches:
Dungeon (2/15)

Altars:

Shops:
D:1

: .... +... ..... #..
..... #.. .. .....##(.
... ........####....
........#......#
.......B+....... .#+##
#..@#.....# .....
#.........# ....
###.........##
...###.............
#...#.............
#...#............. .....
.######...#......#####..
.....
>.....................#
#...
#........#......##.....
#...


You could see an entropy weaver shaped shifter.


Message History

The shapeshifter is lightly wounded.
The shapeshifter changes into an entropy weaver!
You hit the entropy weaver but do no damage.
The entropy weaver barely misses you. The entropy weaver hits you!
The entropy weaver hits you.
* * * LOW HITPOINT WARNING * * *
The entropy weaver hits you!
* * * LOW HITPOINT WARNING * * *
You are too injured to fight recklessly!
You are too injured to fight recklessly!
You are too injured to fight recklessly!
You are too injured to fight recklessly!
You are too injured to fight recklessly!
You are too injured to fight recklessly!
You are too injured to fight recklessly!
You are too injured to fight recklessly!
You are too injured to fight recklessly!
You are too injured to fight recklessly!
You are too injured to fight recklessly!
You are too injured to fight recklessly!
You are too injured to fight recklessly!
You are too injured to fight recklessly!
It was a potion of mutation.
You feel extremely strange.
Your thoughts seem clearer.
Xom thinks this is hilarious!
The entropy weaver barely misses you.
The entropy weaver hits you but does no damage.
The entropy weaver hits you!
You die...
Xom snickers!

Skill      XL: |  1  2  3 |
---------------+----------+-----
Polearms       | 3 4 |  4.0
Fighting       | |  3.0
Armour         | |  1.7
Dodging        | |  0.8

Action                   || total
-------------------------++-------
Melee: Spear             ||   145
       Punch             ||     1
  Use: Potion            ||     1
 Stab: Sleeping          ||     2
       Confused          ||     1
Armor: Leather armour    ||    44
Dodge: Dodged            ||    69

Levels and vault maps discovered:
D:1:      onia_arrival_mini_maze_b, layout_loops_ring, serial_shops, shop,
          shapermc_ecumenical_altar_starsandcircs, chequers_arboretum
D:2:      layout_basic, basic_altar

Notes
Turn   | Place    | Note
-------+----------+-------------------------------------------
     0 | D:1      | demibob the Demonspawn Chaos Knight began the quest for the
                  | Orb.
     0 | D:1      | Reached XP level 1. HP: 18/18 MP: 1/1
   146 | D:1      | Found a faded altar of an unknown god.
   157 | D:1      | Reached skill level 3 in Polearms
   207 | D:1      | Gained mutation: You regenerate a little health from kills.
                  | [demonic ancestry]
   207 | D:1      | Reached XP level 2. HP: 21/24 MP: 2/2
   239 | D:1      | Found Soasmue's Book Shoppe.
   461 | D:1      | XOM: 6-stop teleportation journey
   771 | D:2      | Gained mutation: You have sharp fingernails. [demonic
                  | ancestry]
   771 | D:2      | Reached XP level 3. HP: 29/29 MP: 3/3
   835 | D:2      | Reached skill level 4 in Polearms
   872 | D:2      | an endoplasm changed into a shapeshifter
   872 | D:2      | Noticed a shapeshifter (shapeshifter)
   873 | D:2      | a shapeshifter changed into an entropy weaver
   873 | D:2      | Noticed an entropy weaver (shapeshifter)
   875 | D:2      | Gained mutation: You possess an exceptional clarity of
                  | mind. [potion of mutation]
   875 | D:2      | Slain by an entropy weaver (shapeshifter)

Vanquished Creatures
  A dart slug (D:1)
  4 bats
  2 endoplasms (D:2)
  2 giant cockroaches (D:1)
  5 hobgoblins
  2 quokkas (D:1)
  6 ball pythons
  4 frilled lizards (D:1)
  2 goblins
  A kobold (D:2)
  4 rats (D:1)
33 creatures vanquished.

Table legend: (Time is in decaauts)
 A = Elapsed time spent in this place.
 B = Non-inter-level travel time spent in this place.
 C = Inter-level travel time spent in this place.
 D = Time resting spent in this place.
 E = Time spent auto-exploring this place.
 F = Levels seen in this place.
 G = Mean time per level.
                   A        B        C        D        E       F      G
               +--------+--------+--------+--------+--------+-----+--------+
         Total |    865 |    787 |     78 |      0 |    519 |   2 |  432.5 |
       Dungeon |    865 |    787 |     78 |      0 |    519 |   2 |  432.5 |
               +--------+--------+--------+--------+--------+-----+--------+

Top non-repeatable levels by time:
     D:1: 671 daAuts
     D:2: 193 daAuts

Table legend:
 A = Non-vault XP
 B = Vault XP
 C = Vault XP percentage of total XP
 D = Non-vault monster count
 E = Vault monster count
 F = Vault count percentage of total count
                 A         B        C        D         E       F
            +---------+---------+-------+---------+---------+-------
      Total |      56 |       0 |   0.0 |      33 |       0 |   0.0
            +---------+---------+-------+---------+---------+-------
        D:1 |      33 |       0 |   0.0 |      21 |       0 |   0.0
        D:2 |      23 |       0 |   0.0 |      12 |       0 |   0.0
            +---------+---------+-------+---------+---------+-------
